 Dungeon Crawl Stone Soup version 0.19-a0-892-g8a19e52 (webtiles) character file.

1285 incide the Carver (level 8, 0/58 HPs)
             Began as a High Elf Wanderer on July 4, 2016.
             Slain by a hungry ghost (3 damage)
             ... on level 4 of the Dungeon.
             The game lasted 00:20:02 (7896 turns).

incide the Carver (High Elf Wanderer)               Turns: 7896, Time: 00:20:03

Health: 0/58       AC:  6    Str:  8    XL:     8   Next: 29%
Magic:  8/8        EV: 12    Int: 20    God:
Gold:   99         SH:  0    Dex: 14    Spells: 0 memorised, 7 levels left

rFire  . . .     SeeInvis .     k - +1 quarterstaff of Calculation {crush, Stlth+} (curse)
rCold  + . .     Gourm    .     s - +1 leather armour {rC+}
rNeg   . . .     Faith    .     (shield currently unavailable)
rPois  .         Spirit   .     m - +0 helmet (curse)
rElec  .         Dismiss  .     (no cloak)
rCorr  +         Reflect  .     b - +0 pair of gloves
SustAt .         Harm     .     (no boots)
MR     +....                    w - amulet of inaccuracy (curse)
Stlth  ++........               r - ring of flight
                                o - ring of resist corrosion

@: very slightly contaminated, heavily drained, somewhat resistant to hostile
enchantments, unstealthy
A: low mp 1, magic resistance 1, weak 1
a: Evoke Flight


You were on level 4 of the Dungeon.
You were hungry.

You visited 1 branch of the dungeon, and saw 7 of its levels.

You collected 270 gold pieces.
You spent 171 gold pieces at shops.

Inventory:

Hand Weapons
 a - a +2 hand axe
 k - the cursed +1 quarterstaff of Calculation (weapon) {crush, Stlth+}
   (You bought it in a shop on level 4 of the Dungeon)

   It inflicts extra damage upon your enemies.
   It makes you more stealthy.
   It has a curse placed upon it.
 l - a +0 vampiric dagger
 p - a +1 falchion
 t - a +4 dagger of speed
 x - a +0 dagger of speed
 D - a +2 dagger of freezing
 E - a cursed +2 long sword
Missiles
 v - 4 javelins (quivered)
Armour
 b - a +0 pair of gloves (worn)
 m - a cursed +0 helmet (worn)
 q - a +0 buckler
 s - a +1 leather armour of cold resistance (worn)
 y - a +3 scale mail
Jewellery
 o - a ring of resist corrosion (left hand)
 r - a ring of flight (right hand)
 w - a cursed amulet of inaccuracy (around neck)
Wands
 B - a wand of iceblast (0/15)
Scrolls
 c - a scroll of teleportation
 e - a scroll of amnesia
 g - 3 scrolls of enchant weapon
 h - 2 scrolls of identify
 j - a scroll of magic mapping
Potions
 f - a potion of flight
 u - a potion of lignification
Comestibles
 d - 3 bread rations
 i - 6 meat rations
 n - a royal jelly
 A - 2 fruits
 C - a slice of pizza
 F - 2 chunks of flesh {@w1}


   Skills:
 - Level 6.5(4.7) Fighting
 + Level 10.3(8.3) Long Blades
 - Level 1.5(0.0) Axes
 - Level 1.0(0.0) Throwing
 - Level 4.5(2.8) Dodging
 - Level 1.0(0.0) Shields


You had 7 spell levels left.
You didn't know any spells.

Dungeon Overview and Level Annotations

Branches:
Dungeon (7/15)
 Temple: D:4-7

Altars:
Cheibriados
Gozag
Kikubaaqudgha
Zin

Shops:
D:4 (   D:5 [

Annotations:
D:2 1 runed door
D:4 Moloch's ghost, amateur DrFi
D:6 Menkaure


Innate Abilities, Weirdness & Mutations

Your magical capacity is low. (-10% MP)
You are resistant to hostile enchantments. (MR+)
You are weak. (Str -2)


Message History

The hungry ghost hits you.
You are feeling hungry.
The wight closely misses you.
You closely miss the hungry ghost. The hungry ghost completely misses you.
The wight hits you with a dire flail of freezing.
You feel drained. The wight freezes you. The hungry ghost closely misses you.
You miss the hungry ghost.
Moloch's ghost whispers, "There is no future for you."
The wight hits you with a dire flail of freezing.
* * * LOW HITPOINT WARNING * * *
You feel drained.
* * * LOW HITPOINT WARNING * * *
The hungry ghost misses you.
You closely miss the hungry ghost.
The wight hits you with a dire flail of freezing!
* * * LOW HITPOINT WARNING * * *
You feel drained.
* * * LOW HITPOINT WARNING * * *
The hungry ghost hits you.
You die...

..## #..W.## ...##
##..## #...#
#...####### #####
###.##
##..Wz..>.###...##
#..#
#######.........###
#..# ##W.#..####..#
##..########
##z###### ####
##[###......# ##z##
..## #......####@##
### #.......##W##
##.......S##
##......## ####..##
##..## #..## #(##
#.#


You could see a hungry ghost, 2 wights, Moloch's ghost and an adder.

Vanquished Creatures
  Duvessa (D:6)
  An ogre (D:4)
  2 giant frogs
  2 wights (D:4)
  A centaur zombie (D:5)
  3 orc priests
  3 hounds
  3 jellies
  7 orc wizards
  Ijyb (D:2)
  Jessica (D:2)
  3 iguanas
  A worker ant (D:6)
  Robin (D:2)
  8 adders
  A shadow imp (D:5)
  3 oozes
  An adder zombie (D:7)
  An adder skeleton (D:5)
  3 worms
  4 dart slugs
  2 giant geckos
  18 orcs
  2 bats
  6 giant cockroaches
  18 goblins
  9 hobgoblins
  5 jackals (D:2)
  A quokka (D:5)
  3 ball pythons
  4 giant newts
  6 kobolds
  A quokka skeleton (D:4)
  A quokka zombie (D:5)
  6 rats
133 creatures vanquished.

Vanquished Creatures (others)
  12 fungi (D:6)
12 creatures vanquished.

Grand Total: 145 creatures vanquished

Notes
Turn   | Place    | Note
-------+----------+-------------------------------------------
     0 | D:1      | incide the High Elf Wanderer began the quest for the Orb.
     0 | D:1      | incide set off with: a +2 hand axe, a +0 ring mail, a scroll of teleportation, a bread ration
     0 | D:1      | Reached XP level 1. HP: 19/19 MP: 2/2
    48 | D:1      | Reached skill level 1 in Dodging
    95 | D:1      | You fall through a shaft!
   115 | D:2      | Reached skill level 2 in Dodging
   115 | D:2      | Reached XP level 2. HP: 18/25 MP: 3/3
   641 | D:2      | Noticed Ijyb
   665 | D:2      | Killed Ijyb
   665 | D:2      | Reached skill level 3 in Dodging
   665 | D:2      | Reached XP level 3. HP: 8/30 MP: 4/4
   950 | D:2      | Noticed Jessica
   974 | D:2      | Killed Jessica
   974 | D:2      | Reached skill level 4 in Dodging
   974 | D:2      | Reached XP level 4. HP: 30/36 MP: 5/5
  1138 | D:2      | Found an ancient bone altar of Kikubaaqudgha.
  1202 | D:2      | Found a runed door.
  1253 | D:2      | Noticed Robin
  1282 | D:2      | Killed Robin
  1289 | D:2      | Reached XP level 5. HP: 19/42 MP: 6/6
  2091 | D:3      | Reached skill level 1 in Long Blades
  2288 | D:3      | Reached skill level 2 in Long Blades
  2669 | D:3      | HP: 8/42 [iguana (3)]
  2674 | D:3      | HP: 9/63 [poisoned by an adder]
  2680 | D:3      | HP: 4/63 [iguana (5)]
  2686 | D:3      | HP: 1/63 [iguana (3)]
  2689 | D:3      | Reached skill level 3 in Long Blades
  2888 | D:4      | Found Bohao's Antique Weapon Emporium.
  2911 | D:4      | Bought an ancient quarterstaff for 171 gold pieces
  2911 | D:4      | Identified the cursed +1 quarterstaff of Calculation {crush, Stlth+} (You bought it in a shop on level 4 of the Dungeon)
  2915 | D:4      | Noticed Moloch's ghost (amateur DrFi)
  2963 | D:3      | Gained mutation: You are weak. (Str -2) [potion of mutation]
  2963 | D:3      | Gained mutation: Your magical capacity is low. (-10% MP) [potion of mutation]
  2963 | D:3      | Gained mutation: You are resistant to hostile enchantments. (MR+) [potion of mutation]
  2990 | D:4      | Found an opulent altar of Gozag.
  3102 | D:4      | Reached XP level 6. HP: 40/47 MP: 6/6
  3127 | D:4      | Reached skill level 4 in Long Blades
  3427 | D:5      | Entered Level 5 of the Dungeon
  3511 | D:5      | Reached skill level 5 in Long Blades
  3876 | D:5      | Reached skill level 6 in Long Blades
  4005 | D:5      | Reached XP level 7. HP: 50/53 MP: 7/7
  4190 | D:5      | Reached skill level 7 in Long Blades
  4395 | D:5      | Found Tuyfuj's Armour Shop.
  4430 | D:5      | Found a glowing silver altar of Zin.
  4552 | D:5      | Found a snail-covered altar of Cheibriados.
  4660 | D:6      | Noticed Menkaure
  4912 | D:6      | Noticed Duvessa
  5224 | D:7      | HP: 10/53 [giant frog (5)]
  5226 | D:7      | Reached skill level 8 in Long Blades
  5979 | D:7      | HP: 6/53 [orc warrior/halberd (12)]
  6286 | D:6      | Reached skill level 9 in Long Blades
  6620 | D:6      | HP: 9/53 [??? (6)]
  6632 | D:6      | HP: 7/53 [hound (4)]
  6634 | D:6      | Reached XP level 8. HP: 8/58 MP: 8/8
  6940 | D:6      | Killed Duvessa
  7443 | D:4      | HP: 5/58 [Moloch's ghost (13)]
  7843 | D:4      | Reached skill level 10 in Long Blades
  7896 | D:4      | HP: 5/58 [wight/dire flail of freezing (7)]
  7896 | D:4      | Slain by a hungry ghost

Vault maps used:
D:1:      mrwooster_arrival_arrow
D:2:      lemuel_round_altar, grunt_ministairs_8, kennysheep_pointless_box,
          kennysheep_generic_room_15, uniq_iyjb, uniq_jessica, uniq_robin,
          uniq_crazy_yiuf_cottage
D:3:      minmay_diamond_boxcup, first_bread
D:4:      serial_shops, shop, nicolae_gozag_seed_capital
D:5:      kennysheep_little_box, nicolae_overflow_hidden_temple, serial_shops,
          shop_fountains
D:6:      old_forge, dancing_weapons_uskayaw,
          gammafunk_temple_overflow_elements, uniq_menkaure, uniq_grinder,
          uniq_duvessa

Skill      XL: |  1  2  3  4  5  6  7  8 |
---------------+-------------------------+-----
Dodging        | 2 3 4 |  4.5
Long Blades    | 3 6 9 10 | 10.3
Fighting       | |  6.5
Axes           | |  1.5
Throwing       | |  1.0
Shields        | |  1.0

Action                   |  1- 3 |  4- 6 |  7- 9 || total
-------------------------+-------+-------+-------++-------
Melee: Hand axe          |    74 |    96 |       ||   170
       Falchion          |       |   123 |       ||   123
       Quarterstaff      |       |   105 |   235 ||   340
Throw: Javelin           |       |       |    11 ||    11
Evoke: Wand              |       |       |     1 ||     1
  Use: Potion            |       |     7 |     2 ||     9
       Scroll            |       |     6 |     4 ||    10
 Stab: Sleeping          |       |     1 |     3 ||     4
  Eat: Chunk             |       |    11 |     6 ||    17
       Bread ration      |       |       |     1 ||     1
       Beef jerky        |       |       |     1 ||     1
Armor: Ring mail         |    27 |    40 |       ||    67
       Skin              |       |    35 |       ||    35
       Leather armour    |       |    39 |    93 ||   132
Dodge: Dodged            |    35 |   172 |   220 ||   427
